 Dungeon Crawl Stone Soup version 0.21.1-1-g345015f (webtiles) character file.

30071 microfolk the Fighter (level 13, -1/117 HPs)
             Began as a Pale Draconian Transmuter on May 12, 2018.
             Was a High Priest of Okawaru.
             Slain by an eight-headed hydra (7 damage)
             ... on level 5 of the Lair of Beasts.
             The game lasted 00:55:53 (18602 turns).

microfolk the Fighter (Pale Draconian Transmuter)  Turns: 18602, Time: 00:55:53

Health: -1/117     AC: 15    Str: 18    XL:     13   Next: 18%
Magic:  18/18      EV: 16    Int: 27    God:    Okawaru [*****.]
Gold:   1640       SH:  0    Dex: 13    Spells: 3/18 levels left

rFire    . . .     SeeInvis .   O - +5 long sword "Fecy" {chaos, rPois Str+5}
rCold    . . .     Gourm    .   (no shield)
rNeg     . . .     Faith    .   (armour unavailable)
rPois    +         Spirit   .   (helmet restricted)
rElec    .         Reflect  .   R - +0 cloak "Xugoidud" {*Corrode Int+7}
rCorr    .         Harm     .   (no gloves)
MR       .....                  V - +2 pair of boots
Stlth    +.........             t - amulet of regeneration
HPRegen  0.69/turn              Z - +3 ring of intelligence
MPRegen  0.16/turn              A - +3 ring of protection

@: hasted, very quick
A: breathe steam, unfitting armour, cold-blooded, AC +8
a: Breathe Steam, Heroism, Finesse, Renounce Religion


You were on level 5 of the Lair of Beasts.
You worshipped Okawaru.
Okawaru was extremely pleased with you.
You were not hungry.

You visited 3 branches of the dungeon, and saw 17 of its levels.
You also visited: Ice Cave.

You collected 1688 gold pieces.
You spent 48 gold pieces at shops.

Inventory:

Hand Weapons
 O - the +5 long sword "Fecy" (weapon) {chaos, rPois Str+5}
   (You found it on level 8 of the Dungeon)

   Each time it hits an enemy it has a different, random effect.
   It affects your strength (+5).
   It protects you from poison.
Missiles
 a - 183 arrows
 k - 274 stones (quivered)
 v - 3 throwing nets
Armour
 r - a +0 buckler
 R - the +0 cloak "Xugoidud" (worn) {*Corrode Int+7}
   (Okawaru gifted it to you on level 3 of the Lair of Beasts)

   It affects your intelligence (+7).
   It may corrode you when you take damage.
 V - a +2 pair of boots (worn)
Jewellery
 d - an uncursed ring of magical power
 t - an amulet of regeneration (around neck)
 y - an uncursed ring of protection from fire
 A - a +3 ring of protection (right hand)
 L - an uncursed ring of stealth
 N - an uncursed ring of ice
 U - an uncursed amulet of magic regeneration
 Z - a +3 ring of intelligence (left hand)
Wands
 e - a wand of flame (65)
 s - a wand of iceblast (4)
 G - a wand of polymorph (23)
 K - a wand of paralysis (15)
 P - a wand of digging (13)
 T - a wand of disintegration (13)
 Y - a wand of scattershot (4)
Scrolls
 g - 7 scrolls of teleportation
 l - a scroll of immolation
 m - 3 scrolls of amnesia
 o - a scroll of silence {unknown}
 w - 4 scrolls of remove curse
 C - 3 scrolls of enchant weapon
 E - a scroll of fog {unknown}
 H - a scroll of enchant armour
 I - 2 scrolls of blinking {unknown}
 Q - a scroll of random uselessness {unknown}
Potions
 f - 3 potions of mutation
 h - 4 potions of curing
 j - a potion of haste
 n - 3 potions of agility
 p - 6 potions of might
 u - 2 potions of flight
 x - a potion of ambrosia
 z - a potion of lignification
 B - a potion of resistance
 F - a potion of brilliance
 J - a potion of invisibility
 W - a potion of berserk rage
Books
 M - a book of Enchantments

   Spells                             Type                      Level
   a - Cause Fear                     Hexes                        4
   b - Yara's Violent Unravelling     Hexes/Transmutation          5
   c - Silence                        Hexes/Air                    5
   d - Deflect Missiles               Charms/Air                   6
   e - Discord                        Hexes                        8
Miscellaneous
 X - a sack of spiders
Comestibles
 c - 17 rations
 i - 9 chunks of flesh


   Skills:
 + Level 11.9 Fighting
 * Level 7.0 Dodging
 + Level 11.5 Unarmed Combat
 - Level 3.1 Spellcasting
 + Level 11.7 Transmutations
 - Level 3.0 Ice Magic
 - Level 7.0 Invocations
 - Level 5.0 Evocations


You had 3 spell levels left.
You knew the following spells:

 Your Spells              Type           Power        Failure   Level  Hunger
a - Beastly Appendage     Tmut           ######       1%          1    None
b - Sticks to Snakes      Tmut           ######..     1%          2    #......
c - Spider Form           Tmut/Pois      #####.....   2%          3    ###....
d - Ice Form              Ice/Tmut       #####...     4%          4    ####...
e - Blade Hands           Tmut           ######....   1%          5    ######.


Dungeon Overview and Level Annotations

Branches:
Dungeon (10/15)            Temple (1/1) D:4            Lair (6/6) D:10
  Swamp (0/4) Lair:2        Snake (0/4) Lair:3
  Slime: Lair:5-6       Orc: D:9-12

Altars:
Ashenzari
Cheibriados
Dithmenos
Elyvilon
Fedhas
Gozag
Hepliaklqana
Kikubaaqudgha
Makhleb
Nemelex Xobeh
Okawaru
Qazlal
Ru
Sif Muna
Trog
Uskayaw
Vehumet
Wu Jian
Xom
Yredelemnul
Zin
The Shining One

Shops:
D:9 (

Annotations:
D:3 exclusion: 2 downstairs
D:8 exclusion: downstairs
D:9 Thomus's ghost, novice MiBe
D:10 exclusion: gargoyle
Lair:1 exclusion: 2 downstairs
Lair:3 exclusion: downstairs


Innate Abilities, Weirdness & Mutations

You can breathe blasts of scalding, opaque steam.
Your pale cyan-grey scales are hard. (AC +8)
You cannot fit into any form of body armour.
You are cold-blooded and may be slowed by cold attacks.


Message History

You feel much better.
The eight-headed hydra bites you but does no damage.
The eight-headed hydra barely misses you.
The eight-headed hydra closely misses you.
The eight-headed hydra bites you.
* * * LOW HITPOINT WARNING * * *
The eight-headed hydra bites you!
* * * LOW HITPOINT WARNING * * *
The eight-headed hydra closely misses you. x2
The eight-headed hydra barely misses you.
You feel yourself speed up. The eight-headed hydra bites you.
* * * LOW HITPOINT WARNING * * *
The eight-headed hydra barely misses you.
The eight-headed hydra closely misses you.
The eight-headed hydra bites you.
* * * LOW HITPOINT WARNING * * *
The eight-headed hydra bites you!
* * * LOW HITPOINT WARNING * * *
The eight-headed hydra bites you!
You die...

##....................#..#
#####.......................
##PP........................# #
#....##...................... #
###.....#.....................#
###...##.#.....................##
......#####.....................#
...#.## ##P....:.............#.
....#.#### ##...@................
..#......# #...D................
.##....#P# #...................#
......#### ##.......P...รท.......
#....## ##....####..........#
...### ##.....####....#.....#
..## #P....#..##P..###.P#.# ###
##.....####...# ###### # #....##
##.##


You could see an eight-headed hydra.

Vanquished Creatures
  Harold (Lair:2)
  2 ice dragons (IceCv)
  A hydra (Lair:2)
  A two-headed ogre (D:9)
  2 death yaks
  Pikel (D:4)
  2 ice statues (IceCv)
  4 black mambas
  Psyche (D:10)
  A torpor snail (Lair:4)
  7 spiny frogs
  4 rime drakes
  7 komodo dragons
  3 polar bears (Lair:4)
  5 blink frogs (Lair:5)
  5 dream sheep
  10 hippogriffs
  2 spriggans
  22 yaks
  Eustachio (D:5)
  A basilisk (Lair:1)
  Grum (D:8)
  Edmund (D:4)
  Menkaure (D:4)
  8 water moccasins
  Duvessa (D:4)
  9 porcupines
  Purgy (D:4)
  6 sky beasts
  3 orc warriors
  15 ice beasts
  2 black bears
  3 phantoms
  2 ogres
  17 wolves
  9 crocodiles
  12 bullfrogs
  3 killer bees (D:7)
  6 wights
  4 howler monkeys
  2 crimson imps
  A bullfrog zombie (D:9)
  4 jellies
  6 hounds
  7 orc priests
  2 centaur zombies
  A bullfrog skeleton (D:6)
  11 orc wizards
  A centaur skeleton (D:9)
  2 iguanas
  Natasha (thrice) (D:3)
  Terence (D:2)
  9 worker ants
  2 hound zombies
  A hound skeleton (D:5)
  4 worker ant zombies
  A howler monkey zombie (D:6)
  7 gnolls
  A howler monkey skeleton (D:8)
  12 adders
  2 shadow imps
  An adder skeleton (D:5)
  An adder zombie (D:8)
  4 worms
  2 dart slugs (D:1)
  3 leopard geckos
  26 orcs
  8 bats
  5 giant cockroaches
  7 goblins
  7 hobgoblins
  2 quokkas
  6 ball pythons
  5 frilled lizards
  6 kobolds
  A quokka skeleton (D:5)
  3 rats (D:1)
354 creatures vanquished.

Vanquished Creatures (collateral kills)
  An ogre (D:4)
  Dowan (D:4)
  An adder (D:2)
  A fungus (Lair:2)
4 creatures vanquished.

Vanquished Creatures (others)
  The ghost of Verendum the Vexing, an amateur VSEn (D:4)
  An orc (D:4)
  3 fungi
  2 plants
7 creatures vanquished.

Grand Total: 365 creatures vanquished

Notes
Turn   | Place    | Note
-------+----------+-------------------------------------------
     0 | D:1      | microfolk the Draconian Transmuter began the quest for the Orb.
     0 | D:1      | Reached XP level 1. HP: 16/16 MP: 3/3
   235 | D:1      | Reached XP level 2. HP: 23/23 MP: 3/5
   242 | D:1      | Learned a level 2 spell: Sticks to Snakes
  1251 | D:2      | Reached XP level 3. HP: 28/28 MP: 5/7
  1256 | D:2      | Learned a level 3 spell: Spider Form
  1644 | D:2      | Noticed Terence
  1661 | D:2      | Killed Terence
  1734 | D:2      | Reached XP level 4. HP: 35/35 MP: 2/8
  2198 | D:3      | Noticed Natasha
  2229 | D:3      | Killed Natasha
  2455 | D:3      | Noticed Natasha
  2460 | D:3      | Killed Natasha
  2644 | D:3      | Noticed Natasha
  2652 | D:3      | Killed Natasha
  2652 | D:3      | Reached XP level 5. HP: 30/41 MP: 1/9
  3253 | D:3      | Learned a level 4 spell: Ice Form
  3288 | D:4      | Found a staircase to the Ecumenical Temple.
  3312 | Temple   | Entered the Ecumenical Temple
  3389 | Temple   | Became a worshipper of Warmaster Okawaru
  3410 | D:4      | Noticed Edmund
  3410 | D:4      | Noticed Duvessa
  3411 | D:4      | Noticed Dowan
  3637 | D:4      | Killed Duvessa
  3640 | D:4      | Killed Dowan
  3640 | D:4      | Reached XP level 6. HP: 43/50 MP: 6/10
  3733 | D:4      | Killed Edmund
  3733 | D:4      | Reached * piety under Okawaru
  3737 | D:4      | Noticed Verendum's ghost (amateur VSEn)
  3970 | D:4      | Noticed Menkaure
  3983 | D:4      | Noticed Pikel
  3985 | D:4      | Noticed a slave
  3986 | D:4      | Noticed a slave
  4127 | D:3      | Reached skill level 5 in Transmutations
  4202 | D:4      | Noticed Purgy
  4227 | D:4      | Killed Purgy
  4227 | D:4      | Your scales start taking on a pale cyan-grey colour.
  4227 | D:4      | Reached XP level 7. HP: 43/57 MP: 11/11
  4285 | D:4      | Killed Menkaure
  4285 | D:4      | Reached skill level 1 in Invocations
  4294 | D:4      | Reached skill level 5 in Unarmed Combat
  4317 | D:4      | Killed Pikel
  4317 | D:4      | Reached ** piety under Okawaru
  4317 | D:4      | Reached XP level 8. HP: 61/67 MP: 2/12
  4339 | D:4      | Killed Verendum's ghost
  4710 | D:5      | Entered Level 5 of the Dungeon
  5080 | D:5      | Reached skill level 5 in Fighting
  5234 | D:5      | Reached *** piety under Okawaru
  5343 | D:5      | Reached skill level 5 in Invocations
  5374 | D:5      | Found a white marble altar of Elyvilon.
  5494 | D:5      | Found a sparkling altar of Nemelex Xobeh.
  5494 | D:5      | Found an ancient bone altar of Kikubaaqudgha.
  5553 | D:5      | Noticed Eustachio
  5628 | D:5      | Killed Eustachio
  6104 | D:6      | Reached XP level 9. HP: 75/75 MP: 13/13
  6196 | D:6      | Reached skill level 1 in Ice Magic
  6792 | D:7      | Found a shattered altar of Ashenzari.
  6816 | D:7      | Found a stormy altar of Qazlal.
  7146 | D:7      | Found a blossoming altar of Fedhas.
  7601 | D:8      | Reached **** piety under Okawaru
  7625 | D:8      | Reached XP level 10. HP: 20/88 MP: 14/14
  7952 | D:8      | Got an ancient long sword
  7972 | D:8      | Noticed Grum
  7983 | D:8      | Killed Grum
  8729 | D:8      | Found a hazy altar of Hepliaklqana.
  8826 | D:9      | Found a burning altar of Makhleb.
  8839 | D:9      | Noticed Thomus's ghost (novice MiBe)
  9176 | D:9      | Found a hide-covered altar of Uskayaw.
  9180 | D:9      | Noticed a two-headed ogre
  9197 | D:9      | Killed a two-headed ogre
  9197 | D:9      | Reached ***** piety under Okawaru
  9197 | D:9      | Received a gift from Okawaru
  9339 | D:9      | Found Qis Xeh's Weapon Shop.
  9347 | D:9      | Bought 15 arrows for 48 gold pieces
  9760 | D:9      | Noticed a two-headed ogre
  9763 | D:9      | Noticed a two-headed ogre
  9909 | D:10     | Entered Level 10 of the Dungeon
 10309 | D:10     | Noticed Psyche
 10325 | D:10     | Killed Psyche
 10589 | D:10     | Noticed a gargoyle
 10634 | D:10     | Found a staircase to the Lair.
 11019 | Lair:1   | Entered Level 1 of the Lair of Beasts
 11028 | D:10     | Reached XP level 11. HP: 94/97 MP: 15/15
 11255 | D:10     | Received a gift from Okawaru
 11488 | Lair:1   | Reached skill level 10 in Transmutations
 11608 | Lair:1   | Reached skill level 10 in Fighting
 11770 | Lair:1   | Learned a level 5 spell: Blade Hands
 11805 | Lair:1   | Reached skill level 10 in Unarmed Combat
 11805 | Lair:1   | Reached skill level 1 in Evocations
 12542 | Lair:2   | Found a staircase to the Swamp.
 12676 | Lair:2   | Noticed Harold
 12896 | Lair:2   | Received a gift from Okawaru
 13196 | Lair:2   | Noticed a death yak
 13613 | Lair:3   | Found a staircase to the Snake Pit.
 13641 | Lair:3   | Received a gift from Okawaru
 13641 | Lair:3   | Reached skill level 5 in Evocations
 13641 | Lair:3   | Reached XP level 12. HP: 91/108 MP: 17/17
 13651 | Lair:3   | Got a fine cloak {god gift}
 13730 | Lair:2   | Identified the +0 cloak "Xugoidud" {*Corrode Int+7} (Okawaru gifted it to you on level 3 of the Lair of Beasts)
 14393 | Lair:4   | Found a frozen archway.
 14434 | IceCv    | Entered an ice cave
 15068 | IceCv    | Noticed an ice dragon
 15069 | IceCv    | Noticed an ice dragon
 15122 | IceCv    | Killed an ice dragon
 15131 | IceCv    | Killed an ice dragon
 15131 | IceCv    | Reached skill level 5 in Dodging
 15691 | Lair:4   | Noticed a death yak
 15725 | Lair:4   | Killed a death yak
 16218 | Lair:4   | Received a gift from Okawaru
 16279 | Lair:4   | Got a smoking battleaxe {god gift}
 16284 | Lair:4   | Identified the +5 long sword "Fecy" {chaos, rPois Str+5} (You found it on level 8 of the Dungeon)
 16899 | Lair:2   | Killed Harold
 16950 | Lair:2   | Noticed a five-headed hydra
 17069 | Lair:2   | Killed a death yak
 17069 | Lair:2   | Reached XP level 13. HP: 113/117 MP: 8/18
 18595 | Lair:6   | Entered Level 6 of the Lair of Beasts
 18602 | Lair:5   | Slain by an eight-headed hydra

Skill      XL: |  1  2  3  4  5  6  7  8  9 10 11 12 13 |
---------------+----------------------------------------+-----
Spellcasting   | 3 |  3.1
Transmutations | 3 4 5 6 8 9 10 11 | 11.7
Fighting       | 2 3 4 6 7 9 10 11 | 11.9
Unarmed Combat | 4 5 6 7 9 10 11 | 11.5
Invocations    | 3 5 6 7 |  7.0
Ice Magic      | 3 |  3.0
Evocations     | 5 |  5.0
Dodging        | 6 7 |  7.0

Action                   |  1- 3 |  4- 6 |  7- 9 | 10-12 | 13-15 || total
-------------------------+-------+-------+-------+-------+-------++-------
Melee: Unarmed           |   139 |   116 |   346 |   681 |    55 ||  1337
       Tailslap          |    14 |     4 |    24 |    19 |     1 ||    62
       Kick              |    13 |     1 |       |       |       ||    14
       Headbutt          |     2 |       |    14 |     5 |       ||    21
       Punch             |       |       |     8 |     4 |       ||    12
       Long sword        |       |       |       |       |     2 ||     2
Throw: Stone             |     8 |     3 |     7 |     9 |       ||    27
       Tomahawk          |       |       |     4 |       |       ||     4
 Cast: Beastly Appendage |    26 |     7 |    12 |     6 |       ||    51
       Sticks to Snakes  |     4 |    15 |     9 |    21 |       ||    49
       Spider Form       |       |     7 |    24 |    30 |       ||    61
       Ice Form          |       |       |       |    57 |    10 ||    67
       Blade Hands       |       |       |       |    10 |     4 ||    14
Invok: Heroism           |       |       |    14 |    28 |     1 ||    43
       Finesse           |       |       |       |     1 |       ||     1
 Abil: Breathe Steam     |       |       |       |     1 |       ||     1
       End Transformatio |       |       |       |     4 |     4 ||     8
Evoke: Wand              |       |       |       |     4 |     3 ||     7
  Use: Scroll            |     3 |     3 |     6 |    14 |     6 ||    32
       Potion            |       |       |       |       |     2 ||     2
 Stab: Sleeping          |     1 |       |     1 |     2 |       ||     4
       Distracted        |       |     1 |     1 |       |       ||     2
       Paralysed         |       |       |       |       |     2 ||     2
  Eat: Chunk             |     3 |    10 |    11 |    33 |     5 ||    62
       Ration            |       |       |     1 |     5 |     1 ||     7
Armor: Skin              |    43 |    22 |    67 |   132 |    16 ||   280
Dodge: Dodged            |    79 |   103 |   224 |   359 |    45 ||   810
